 Dungeon Crawl Stone Soup version 0.31-a0-728-g01b46875f1 (webtiles) character file.

Game seed: 5164315067993500504

8515 ooooo the Devastator (level 11, -1/61 HPs)
             Began as an Octopode Conjurer on Sept 11, 2023.
             Was an Initiate of Gozag.
             Succumbed to a cane toad's poison
             ... on level 1 of the Lair of Beasts.
             The game lasted 00:25:00 (14945 turns).

ooooo the Devastator (Octopode Conjurer)           Turns: 14945, Time: 00:25:00

Health: -1/61      AC:  9    Str:  7    XL:     11   Next: 32%
Magic:  13/17      EV: 13    Int: 24    God:    Gozag
Gold:   1825       SH:  0    Dex: 11    Spells: 8/18 levels left

rFire   + + .        u - +3 dagger of Imminent Death {elec, *Rage rF+ rC++ rN+}
rCold   + + .        (no shield)
rNeg    + . .        (helmet restricted)
rPois   .            (no amulet)
rElec   .            e - +4 ring of protection
rCorr   .            i - +4 ring of protection
SInv    .            v - ring of protection from fire
Will    .....        (no ring)
Stlth   ++           (no ring)
HPRegen 0.30/turn    (no ring)
MPRegen 0.15/turn    (no ring)
                     (no ring)

%: random rage (20%)
@: confused, lethally poisoned (-1 -> -30), ambrosia-drunk, invisible
A: almost no armour, amphibious, 8 rings, camouflage 1, gelatinous body 1,
(nimble swimmer 1), tentacles
a: Renounce Religion, Potion Petition, Call Merchant, Bribe Branch


You were on level 1 of the Lair of Beasts.
You worshipped Gozag.
Gozag was most pleased with you.
You visited 3 branches of the dungeon, and saw 11 of its levels.
You also visited: Ossuary.

You collected 1932 gold pieces.
You spent 24 gold pieces at shops.
You paid 83 gold pieces to Gozag.

Inventory:

Hand Weapons
 g - a +2 heavy dagger
 u - the +3 dagger of Imminent Death (weapon) {elec, *Rage rF+ rC++ rN+}
   (You found it on level 8 of the Dungeon)

   rF+:       It protects you from fire.
   rC++:      It greatly protects you from cold.
   rN+:       It protects you from negative energy.
   *Rage:     It berserks you when you make melee attacks (+20% chance).
Missiles
 f - 8 javelins
Armour
 l - the -2 buckler of Veraac {Dex+3}
   (You found it on level 6 of the Dungeon)

   Dex+3:     It affects your dexterity (+3).
Jewellery
 e - a +4 ring of protection (left tentacle)
 i - a +4 ring of protection (right tentacle)
 v - a ring of protection from fire (on tentacle)
Talismans
 x - a serpent talisman
Wands
 p - a wand of flame (52)
 r - a wand of charming (23)
 t - a wand of iceblast (5)
 w - a wand of polymorph (3)
Scrolls
 h - a scroll of silence
 j - 6 scrolls of teleportation
 m - 3 scrolls of enchant armour
 s - a scroll of fog
Potions
 a - a potion of magic
 b - 4 potions of cancellation
 c - 2 potions of brilliance
 k - a potion of berserk rage
 n - a potion of invisibility
 o - a potion of mutation
 q - a potion of attraction


   Skills:
 - Level 2.0 Dodging
 - Level 2.6 Stealth
 + Level 4.4 Spellcasting
 + Level 15.7 Conjurations
 + Level 4.3 Hexes
 + Level 4.3 Translocations


You had 8 spell levels left.
You knew the following spells:

 Your Spells              Type           Power      Damage    Failure   Level
a - Searing Ray           Conj           100%       2d8       1%          2
c - Fulminant Prism       Conj/Hex       26%        3d14      1%          4
d - Iskenderun's Mystic   Conj/Tloc      52%        2d11      1%          4

Your spell library contained the following spells:

 Spells                   Type           Power      Damage    Failure   Level
 Magic Dart               Conj           100%       1d8       0%          1
 Dazzling Flash           Conj/Hex       100%       N/A       1%          3
 Jinxbite                 Hex            52%        N/A       2%          2
 Ensorcelled Hibernation  Hex/Ice        30%        N/A       6%          2
 Inner Flame              Hex/Fire       15%        N/A       12%         3
 Cigotuvi's Dreadful Rot  Necr/Pois/Air  10%        N/A       14%         2
 Anguish                  Hex/Necr       7%         N/A       36%         4
 Dispel Undead            Necr           5%         3d7       67%         4
 Silence                  Hex/Air        7%         N/A       71%         5
 Yara's Violent Unravell  Hex/Tmut       7%         3d5       71%         5
 Agony                    Necr           5%         N/A       95%         5
 Death Channel            Necr           2%         N/A       100%        6
 Enfeeble                 Hex            13%        N/A       100%        7


Dungeon Overview and Level Annotations

Branches:
Dungeon (9/15) Zot: 24933  Temple (1/1) D:5 Zot: 5979    Lair (1/5) D:9 Zot: 5628
Ossuary (visited)
    Orc: D:9-12

Altars:
Ashenzari
Cheibriados
Dithmenos
Elyvilon
Fedhas
Gozag
Hepliaklqana
Kikubaaqudgha
Makhleb
Nemelex Xobeh
Okawaru
Qazlal
Ru
Sif Muna
Trog
Uskayaw
Vehumet
Wu Jian
Yredelemnul
Zin
The Shining One

Shops:
D:4 (   D:5 *=((*


Innate Abilities, Weirdness & Mutations

You cannot wear most types of armour.
You are amphibious.
You can wear up to eight rings at the same time.
Your skin changes colour to match your surroundings (Stealth+).
Your rubbery body absorbs attacks. (AC +1, EV +1)
((You are camouflaged when in or above water. (Stealth+)))
You have tentacles for arms and can constrict up to eight enemies at once.


Message History

The cane toad is almost dead.
You lose your grip on the cane toad.
The cane toad is knocked back by the mystic blast.
You feel extremely sick.
Casting: Iskenderun's Mystic Blast (dangerous; 1% risk of failure)
Confirm with . or Enter, or press ? or * to list all spells.
Aiming: Searing Ray (safe; 1% risk of failure)
Press: ? - help, Shift-Dir - straight line, f - bullfrog
Aim: a bullfrog (79% to hit)
The searing ray misses the cane toad.
The searing ray hits the bullfrog.
The bullfrog is moderately wounded. (Press . to maintain the ray.)
You feel very sick.
Without enough magic to sustain it, your searing ray dissipates.
* * * LOW HITPOINT WARNING * * *
You feel very sick.
The cane toad stings you but does no damage.
The cane toad closely misses you.
Unknown command.
Okay, then.
You fade into invisibility!
* * * LOW HITPOINT WARNING * * *
You feel very sick.
The bullfrog swells and bulges.
Unknown command.
* * * LOW HITPOINT WARNING * * *
You feel very sick.
You are confused.
You feel invigorated.
You feel sick. The cane toad barely misses you.
Unknown command.
You miss the bullfrog. Your squeeze misses the bullfrog.
The bullfrog is moderately wounded.
You feel sick. The bullfrog barely misses you. The cane toad stings you!
* * * LOW HITPOINT WARNING * * *
You are more poisoned.
The cane toad poisons you! The bullfrog closely misses you.
Unknown command.
You bump into the rock wall.
You die...
Your body crumbles into a pile of gold.

...... ###.......#.F#
......####...........#
#...................#
#..........F..#.#
##.....#######..#
##P....# #..# ##....#
##.## #######....##
#.F.# ............##
#@F## .#####.......#
#.#.#
##.#.........##..###
..##.#...l....#..#
...#....##......##
.##.....# ....P.
.#.#.#..........
..#..#..........
.##..#......


You could see a cane toad (unable to see you) and a bullfrog (unable to see
you).

Vanquished Creatures
  Erica (D:9)
  Pikel (D:7)
  Joseph (D:7)
  A black mamba (Lair:1)
  A cane toad (Lair:1)
  A komodo dragon (Lair:1)
  A troll (D:7)
  10 yaks
  A steam dragon (D:8)
  3 wargs (D:9)
  An acid dragon (D:9)
  Duvessa (D:7)
  2 water moccasins
  A sky beast (D:7)
  4 ice beasts
  An ogre (D:4)
  2 black bears (D:6)
  A centaur (D:9)
  A lemure (D:7)
  A phantom (D:4)
  2 kobold brigands
  An elf zombie (Ossuary)
  6 bullfrogs
  A scorpion (D:4)
  17 wights
  Dowan (D:7)
  4 killer bees (D:7)
  A howler monkey (D:9)
  2 centaur zombies (Ossuary)
  3 jellies
  4 orc priests
  Crazy Yiuf (D:4)
  4 hounds
  2 sleepcaps
  3 iguanas (D:5)
  13 orc wizards
  Ijyb (D:4)
  2 mummies (Ossuary)
  8 adders
  3 white imps
  An ufetubus (D:6)
  A worm (D:3)
  2 dart slugs
  37 orcs
  3 endoplasms
  3 giant cockroaches
  9 hobgoblins
  5 jackals
  A quokka (D:4)
  2 ball pythons
  4 bats
  3 frilled lizards
  5 gnoll zombies (Ossuary)
  3 goblins
  A goblin zombie (Ossuary)
  4 hobgoblin zombies (Ossuary)
  17 kobolds
  An orc zombie (Ossuary)
  2 rats
219 creatures vanquished.

Vanquished Creatures (others)
  An orc wizard (D:7)
  An orc (D:8)
  51 fulminant prisms
53 creatures vanquished.

Grand Total: 272 creatures vanquished

Notes
Turn   | Place    | Note
-------+----------+-------------------------------------------
     0 | D:1      | ooooo the Octopode Conjurer began the quest for the Orb.
     0 | D:1      | Reached XP level 1. HP: 11/11 MP: 3/3
    42 | D:1      | Found a shadowy altar of Dithmenos.
   284 | D:1      | Reached XP level 2. HP: 17/17 MP: 0/5
   554 | D:1      | Found a faded altar of an unknown god.
  1085 | D:2      | Reached skill level 5 in Conjurations
  1085 | D:2      | Reached XP level 3. HP: 21/21 MP: 1/6
  1088 | D:2      | Learned a level 2 spell: Searing Ray
  2227 | D:3      | Reached XP level 4. HP: 12/27 MP: 4/7
  2520 | D:3      | Reached skill level 6 in Conjurations
  2520 | D:3      | Reached XP level 5. HP: 30/31 MP: 5/8
  2582 | D:3      | Found a shadowy altar of Dithmenos.
  2586 | D:3      | Found a shimmering blue altar of Sif Muna.
  2587 | D:3      | Found a glowing golden altar of the Shining One.
  3130 | D:4      | Reached skill level 7 in Conjurations
  3130 | D:4      | Reached XP level 6. HP: 8/36 MP: 4/9
  3379 | D:4      | Noticed Ijyb
  3425 | D:4      | Killed Ijyb
  3426 | D:4      | Reached skill level 8 in Conjurations
  3513 | D:4      | Found a runed translucent door.
  3514 | D:4      | Noticed Crazy Yiuf
  3575 | D:4      | Found Peota's Weapon Boutique.
  3874 | D:4      | Reached XP level 7. HP: 29/41 MP: 10/10
  4055 | D:4      | Killed Crazy Yiuf
  4134 | D:5      | Entered Level 5 of the Dungeon
  4134 | D:5      | Found Noeheilehe's Assorted Antiques.
  4210 | D:5      | Bought a scroll labelled YMUISA QINUACS for 24 gold pieces
  4427 | D:5      | Found a staircase to the Ecumenical Temple.
  4474 | Temple   | Entered the Ecumenical Temple
  4484 | Temple   | Became a worshipper of Gozag Ym Sagoz the Greedy
  4606 | D:5      | Found Hauraidd's Assorted Antiques.
  4697 | D:5      | Found Fulom's Jewellery Shop.
  4957 | D:5      | Reached skill level 9 in Conjurations
  5124 | D:5      | Found Epreta's Antique Weapon Emporium.
  5159 | D:5      | Found Soholuar's Antique Weapon Shop.
  5461 | D:5      | Reached XP level 8. HP: 43/46 MP: 11/11
  5615 | D:6      | Reached skill level 10 in Conjurations
  5808 | D:6      | Found a sand-covered staircase.
  5817 | Ossuary  | Entered an ossuary
  7250 | D:6      | Identified the -2 buckler of Veraac {Dex+3}
  7269 | D:6      | Reached skill level 11 in Conjurations
  7827 | D:6      | Learned a level 4 spell: Fulminant Prism
  7832 | D:6      | Learned a level 4 spell: Iskenderun's Mystic Blast
  7848 | D:7      | Noticed Joseph
  8259 | D:7      | Reached XP level 9. HP: 51/51 MP: 3/12
  8367 | D:7      | Reached skill level 12 in Conjurations
  8653 | D:7      | Reached skill level 13 in Conjurations
  9140 | D:7      | Killed Joseph
  9526 | D:7      | Reached skill level 14 in Conjurations
  9816 | D:7      | Reached XP level 10. HP: 54/56 MP: 4/13
  9929 | D:7      | Noticed Duvessa
  9930 | D:7      | Noticed Dowan
  9939 | D:7      | Killed Dowan
  9942 | D:7      | Killed Duvessa
 10253 | D:7      | Noticed Pikel
 10263 | D:7      | Killed Pikel
 11288 | D:7      | Reached skill level 15 in Conjurations
 11792 | D:8      | Reached skill level 1 in Hexes
 11792 | D:8      | Reached skill level 1 in Translocations
 12322 | D:8      | Identified the +3 dagger of Imminent Death {elec, *Rage rF+
                  | rC++ rN+}
 12544 | D:9      | Noticed Erica
 12550 | D:9      | Killed Erica
 13773 | D:9      | Found a staircase to the Lair.
 13807 | D:9      | Reached XP level 11. HP: 61/61 MP: 2/16
 14054 | D:9      | Found a shimmering altar of Xom.
 14059 | D:9      | Found a shimmering altar of Xom.
 14059 | D:9      | Found a shimmering altar of Xom.
 14059 | D:9      | Found a shimmering altar of Xom.
 14059 | D:9      | Found a shimmering altar of Xom.
 14343 | D:9      | Identified the +0 spear of the Desolation of Salt {heavy,
                  | rN+}
 14585 | Lair:1   | Entered Level 1 of the Lair of Beasts
 14944 | Lair:1   | HP: 2/61 [cane toad (13)]
 14945 | Lair:1   | Succumbed to a cane toad's poison

Illustrated notes

Levels and vault maps discovered:
D:1:      dpeg_arrival_water_altar, layout_loops_ring,
          ebering_ecumenical_altar_ruins
D:2:      layout_loops_corners
D:3:      layout_basic, chequers_temple_overflow_statue_of_worship, st_stairs_1,
          minmay_misc_feat_rows
D:4:      layout_basic, serial_shops, nicolae_shop_real_fake_doors, uniq_ijyb,
          uniq_crazy_yiuf_cottage
D:5:      layout_layer_cave, minmay_temple_entry_stoned_glass, serial_shops,
          shop, nicolae_shop_tiny_glass, shop, nicolae_diamond_shop,
          nicolae_shop_hallway_plus
D:6:      lemuel_ice_spiral_2, layout_basic, enter_ossuary_1,
          kennysheep_generic_room_3
D:7:      layout_loops_corners, uniq_joseph, uniq_duvessa, uniq_pikel
D:8:      layout_cave_pools
D:9:      layout_rooms, xom_shifter_show, erik_lair_orcish_takeover, uniq_erica
Temple:   nicolae_temple_two_arcs
Lair:1:   layout_cave_pods, gauntlet_entry_generic, minmay_shattered_shrine

Skill      XL: |  1  2  3  4  5  6  7  8  9 10 11 |
---------------+----------------------------------+-----
Conjurations   | 5 6 7 8 9 11 14 15 | 15.7
Hexes          | 3 4 |  4.3
Translocations | 3 4 |  4.3
Spellcasting   | 3 4 |  4.4
Dodging        | |  2.0
Stealth        | |  2.6

Action                     |  1- 3 |  4- 6 |  7- 9 | 10-12 || total
---------------------------+-------+-------+-------+-------++-------
  Melee: Tentacles         |     5 |     8 |    31 |    28 ||    72
         Unarmed           |     1 |       |       |       ||     1
         Short sword       |     5 |       |       |       ||     5
         Dagger            |    28 |    45 |    92 |   100 ||   265
         Constrict         |     7 |     8 |    23 |    27 ||    65
         Punch             |     2 |     2 |       |       ||     4
   Cast: Magic Dart        |    43 |       |       |       ||    43
         Searing Ray       |       |    10 |    49 |    13 ||    72
         Iskenderun's Myst |       |       |     6 |    13 ||    19
         Fulminant Prism   |       |       |    10 |    41 ||    51
  Evoke: Wand              |       |       |     6 |     5 ||    11
    Use: Scroll            |     2 |       |    11 |     8 ||    21
         Potion            |       |       |       |     4 ||     4
   Stab: Sleeping          |     5 |     2 |     4 |     1 ||    12
 Armour: Skin              |    20 |    33 |   107 |   102 ||   262
  Dodge: Dodged            |    15 |    24 |   118 |    89 ||   246

Table legend: (Time is in decaauts)
 A = Elapsed time spent in this place.
 B = Non-inter-level travel time spent in this place.
 C = Inter-level travel time spent in this place.
 D = Time resting spent in this place.
 E = Time spent auto-exploring this place.
 F = Levels seen in this place.
 G = Mean time per level.
                   A        B        C        D        E       F      G
               +--------+--------+--------+--------+--------+-----+--------+
         Total |  14989 |  14616 |    373 |   4195 |   8310 |  12 | 1249.1 |
       Dungeon |  13827 |  13472 |    355 |   3522 |   8126 |   9 | 1536.3 |
        Temple |     20 |      2 |     18 |      0 |      0 |   1 |   20.0 |
          Lair |    371 |    371 |      0 |    200 |     44 |   1 |  371.0 |
       Ossuary |    769 |    769 |      0 |    473 |    140 |   1 |  769.0 |
               +--------+--------+--------+--------+--------+-----+--------+

Top non-repeatable levels by time:
     D:7: 3189 daAuts
     D:8: 2038 daAuts
     D:5: 1785 daAuts
     D:6: 1691 daAuts
     D:4: 1534 daAuts
     D:2: 1001 daAuts
     D:3: 884 daAuts
     D:1: 875 daAuts
     D:9: 825 daAuts
 Ossuary: 769 daAuts
  Lair:1: 371 daAuts
  Temple: 20 daAuts
